Map: Eternal Empire LE

Players

PartinG

  • Race: Protoss Protoss
  • Spawn Location: 7:00

SpeCial - Winner!

  • Race: Terran Terran
  • Spawn Location: 1:00

Event: IEM Katowice 2020

VOD

Have the link to the VOD?

Description

Time

  • Played on: Feb. 27, 2020, 6:24 a.m.
  • Length: 14:00

All games in this series

Show
View Real Time Build Order
Export as new Build Order

PartinG Protoss 

Build Orders: 1 Gate Expand, Oracle Opening, Phoenix Opening 

Get SALT Encoding   

  12  0:00  Probe  
  13  0:12  Probe  
  14  0:17  Pylon  
  14  0:25  Probe (Chrono Boost)  
  15  0:29  Assimilator  
  15  0:37  Probe (Chrono Boost)  
  16  0:45  Probe (Chrono Boost)  
  16  0:46  Gateway  
  17  0:51  Probe  
  18  1:03  Probe  
  19  1:15  Probe  
  20  1:22  Nexus  
  20  1:32  Cybernetics Core  
  20  1:36  Probe  
  21  1:41  Assimilator  
  21  1:48  Probe  
  21  1:52  Pylon  
  22  2:00  Probe  
  23  2:07  Stalker (Chrono Boost)  
  23  2:12  Probe  
  23  2:15  Stargate  
  26  2:24  Probe (Chrono Boost)  
  27  2:30  Sentry (Chrono Boost)  
  27  2:35  Probe (Chrono Boost)  
  31  2:40  Warp Gate  
  31  2:42  Probe (Chrono Boost)  
  32  2:45  Probe (Chrono Boost)  
  32  2:48  Adept  
  32  2:49  Probe (Chrono Boost)  
  32  2:50  Probe (Chrono Boost)  
  35  2:55  Oracle (Chrono Boost)  
  36  3:00  Probe  
  36  3:01  Phoenix (Chrono Boost), Probe  
  36  3:05  Pylon  
  40  3:13  Probe  
  40  3:14  Probe  
  40  3:16  Assimilator  
  39  3:31  Phoenix  
  39  3:32  Probe x2  
  43  3:38  Robotics Facility  
  43  3:42  Gateway  
  43  3:46  Probe (Chrono Boost)  
  45  3:51  Probe (Chrono Boost)  
  45  3:53  Assimilator  
  46  3:56  Probe (Chrono Boost)  
  46  3:58  Phoenix  
  46  4:00  Probe (Chrono Boost)  
  46  4:01  Probe (Chrono Boost)  
  49  4:06  Pylon  
  50  4:10  Pylon  
  50  4:12  Probe (Chrono Boost)  
  52  4:18  Probe (Chrono Boost)  
  52  4:24  Probe (Chrono Boost)  
  53  4:27  Phoenix  
  53  4:28  Probe x2 (Chrono Boost)  
  58  4:38  Observer  
  58  4:39  Probe x2  
  58  4:45  Pylon  
  60  4:48  Nexus  
  60  4:55  Forge  
  60  4:58  Twilight Council  
  61  5:00  Probe  
  61  5:04  Probe  
  62  5:07  Observer  
  62  5:10  Sentry x2  
  62  5:12  Probe  
  68  5:14  Gateway  
  68  5:16  Probe  
  68  5:20  Observer  
  69  5:22  Gateway  
  69  5:24  Probe  
  69  5:28  Probe, Protoss Ground Weapons Level 1 (Chrono Boost)  
  66  5:36  Probe  
  66  5:40  Probe, Blink (Chrono Boost)  
  68  5:44  Observer  
  68  5:48  Probe  
  70  5:53  Probe, Gateway  
  70  5:54  Gateway  
  71  5:59  Observer  
  71  6:01  Probe x2  
  73  6:05  Probe, Immortal (Chrono Boost)  
  78  6:13  Probe  
  78  6:14  Probe  
  78  6:15  Stalker  
  78  6:17  Probe  
  83  6:19  Stalker  
  85  6:28  Stalker x2  
  85  6:30  Probe x2  
  89  6:33  Observer  
  89  6:36  Probe  
  89  6:37  Observer  
  88  6:42  Probe x2  
  90  6:48  Probe, Nexus  
  90  6:52  Observer  
  91  6:54  Probe x2  
  91  6:58  Pylon  
  91  6:59  Observer  
  91  7:01  Pylon  
  93  7:07  Charge (Chrono Boost)  
  93  7:09  Pylon  
  93  7:10  Pylon  
  93  7:13  Gateway  
  93  7:15  Gateway  
  93  7:16  Probe x2  
  93  7:17  Probe  
  93  7:18  Phoenix x2, Warp Prism  
  93  7:19  Phoenix  
  93  7:22  Stalker x3  
  104  7:27  Templar Archives  
  104  7:28  Protoss Ground Weapons Level 2 (Chrono Boost)  
  104  7:40  Nexus  
  104  7:41  Pylon  
  104  7:42  Probe  
  104  7:44  Pylon  
  105  7:47  Probe x2  
  107  8:01  Probe x4  
  107  8:04  Photon Cannon  
  111  8:13  Gateway x2  
  111  8:14  Gateway  
  111  8:17  Gateway, Stalker  
  111  8:19  Observer  
  113  8:20  Gateway  
  113  8:21  Warp Prism  
  113  8:22  Gateway  
  113  8:24  Gateway  
  113  8:26  Observer  
  115  8:29  Probe  
  115  8:30  Probe x3  
  115  8:33  High Templar x4  
  127  8:34  High Templar x2  
  127  8:35  Zealot  
  127  8:38  Archon  
  127  8:39  Archon x2, Gateway  
  133  8:45  Zealot  
  135  9:00  Zealot  
  135  9:01  Probe x2  
  135  9:02  Probe x2  
  141  9:03  Probe  
  141  9:05  Photon Cannon  
  141  9:06  Photon Cannon  
  141  9:08  High Templar  
  141  9:09  High Templar, Zealot x2, Unknown  
  150  9:10  Zealot x6  
  150  9:12  Stalker  
  150  9:13  Archon  
  150  9:15  Probe x3  
  157  9:27  Observer  
  157  9:28  Probe (Chrono Boost)  
  162  9:32  Probe x2 (Chrono Boost)  
  162  9:33  Probe (Chrono Boost), High Templar x2, Zealot x2  
  162  9:37  Probe (Chrono Boost), Pylon  
  162  9:38  Probe (Chrono Boost), Pylon, Archon  
  171  9:40  Pylon x2  
  171  9:42  Photon Cannon  
  171  9:43  Pylon  
  171  9:46  Protoss Ground Weapons Level 3 (Chrono Boost)  
  171  9:55  Probe  
  172  10:00  Zealot x10  
  172  10:01  Zealot x2  
  172  10:05  Zealot x2  
  168  10:24  Zealot x6  
  168  10:25  Zealot x7  
  142  10:30  Zealot x3  
  134  10:39  Observer  
  104  10:46  High Templar  
  104  10:47  High Templar x5  
  113  10:50  Archon  
  113  10:51  Archon x2  
  113  10:53  Zealot x10  
  113  10:54  Probe (Chrono Boost)  
  135  11:01  Probe (Chrono Boost)  
  135  11:02  Probe (Chrono Boost)  
  135  11:04  Probe (Chrono Boost)  
  136  11:08  Probe (Chrono Boost)  
  129  11:15  Zealot  
  129  11:16  Zealot x9  
  143  11:20  Zealot x6  
  150  11:40  Zealot x7  
  150  11:41  Zealot x4  
  136  11:50  Stalker x3  
  136  11:51  Stalker x2  
  114  12:01  Zealot  
  114  12:02  Zealot x4  
  114  12:04  Zealot x3  
  116  12:11  Zealot x2  
  116  12:12  Zealot  
  102  12:18  Zealot x4  
  97  12:23  Observer (Chrono Boost)  
  97  12:25  Stalker x3  
  99  12:33  Stalker x3  
  99  12:38  Stalker x3  
  99  12:42  Observer (Chrono Boost)  
  102  12:46  High Templar x4  
  102  12:49  Zealot x2  
  114  12:52  Archon  
  114  12:53  Archon  
  114  12:56  Zealot x5  
  122  13:02  Observer  
  106  13:15  Stalker  
  106  13:16  Stalker x6  
  116  13:21  Observer  
  114  13:30  Nexus  
  114  13:47  Nexus  
Show
View Real Time Build Order
Export as new Build Order

SpeCial Terran - Winner!

Build Orders: Mech 

Get SALT Encoding   

  12  0:01  SCV  
  13  0:13  SCV  
  14  0:17  Supply Depot  
  14  0:25  SCV  
  15  0:39  SCV  
  15  0:40  Barracks  
  16  0:45  Refinery  
  16  0:51  SCV  
  16  0:55  Refinery  
  17  1:03  SCV  
  18  1:15  SCV  
  19  1:27  Orbital Command, Reaper  
  20  1:39  Supply Depot  
  20  1:44  Factory  
  20  1:54  SCV  
  21  1:59  Reaper  
  22  2:06  SCV  
  23  2:18  SCV  
  24  2:25  Command Center  
  24  2:30  Hellion  
  24  2:35  Starport  
  26  2:37  SCV  
  27  2:44  Supply Depot  
  27  2:50  SCV  
  28  2:52  Widow Mine, Barracks Reactor  
  30  3:02  SCV  
  31  3:14  SCV, Medivac, Widow Mine  
  36  3:29  Marine  
  36  3:30  Marine  
  36  3:31  SCV  
  35  3:36  Factory Tech Lab  
  35  3:39  Orbital Command  
  35  3:43  SCV  
  35  3:44  Viking  
  35  3:47  Marine x2  
  40  3:55  SCV  
  41  4:02  Command Center  
  41  4:05  SCV  
  41  4:08  SCV  
  43  4:16  Cyclone  
  46  4:17  SCV  
  46  4:20  Supply Depot  
  46  4:21  SCV  
  48  4:26  Marine  
  48  4:27  Marine  
  48  4:30  SCV  
  51  4:33  SCV  
  51  4:38  Viking  
  52  4:42  SCV  
  52  4:44  Marine x2, Supply Depot  
  53  4:45  SCV  
  54  4:52  Refinery  
  54  4:53  Cyclone  
  54  4:54  SCV  
  54  4:57  Refinery  
  54  4:58  SCV  
  59  5:06  SCV  
  60  5:08  Marine x2  
  60  5:10  SCV  
  64  5:15  Supply Depot  
  64  5:18  SCV  
  64  5:19  Orbital Command  
  64  5:22  SCV  
  67  5:30  SCV  
  67  5:31  Cyclone  
  67  5:34  SCV  
  70  5:36  Engineering Bay  
  70  5:37  Starport Tech Lab, Orbital Command  
  70  5:42  SCV, Factory  
  69  5:46  SCV  
  70  5:50  Factory  
  70  5:52  Mag-Field Accelerator  
  70  5:54  SCV  
  70  5:55  Supply Depot  
  71  5:57  Raven  
  71  5:58  SCV  
  71  6:03  Missile Turret  
  74  6:06  SCV  
  74  6:08  SCV  
  74  6:10  SCV, Missile Turret, Cyclone  
  80  6:17  Supply Depot  
  80  6:18  SCV  
  80  6:20  SCV  
  80  6:22  SCV, Supply Depot  
  83  6:26  Missile Turret  
  83  6:31  SCV  
  83  6:32  SCV  
  82  6:34  SCV  
  82  6:43  SCV, Siege Tank  
  82  6:44  SCV  
  82  6:46  SCV  
  88  6:47  Supply Depot  
  88  6:49  Siege Tank  
  88  6:51  Hellion x2  
  88  6:53  Armory  
  95  6:54  Supply Depot, Armory  
  95  6:55  SCV  
  95  6:56  SCV  
  95  6:58  Refinery  
  95  6:59  SCV, Refinery  
  98  7:07  SCV  
  99  7:08  SCV  
  99  7:09  Starport Reactor  
  99  7:10  Supply Depot  
  99  7:11  SCV, Supply Depot  
  99  7:13  Hellion x2  
  105  7:16  Siege Tank  
  105  7:19  SCV  
  105  7:21  Siege Tank  
  105  7:22  SCV  
  113  7:23  SCV  
  114  7:33  Supply Depot  
  114  7:34  Factory  
  114  7:35  Supply Depot, Factory  
  114  7:37  Supply Depot  
  114  7:40  Supply Depot  
  114  7:41  Hellion x2  
  118  7:44  Terran Vehicle Weapons Level 1  
  118  7:45  SCV, Terran Vehicle And Ship Armor Level 1  
  118  7:47  SCV  
  118  7:48  SCV  
  120  7:54  Missile Turret  
  120  7:57  SCV  
  119  8:00  Cyclone  
  119  8:01  Cyclone  
  119  8:02  Hellion x2  
  129  8:12  Supply Depot  
  129  8:15  Command Center  
  129  8:18  Sensor Tower  
  129  8:19  Factory Tech Lab  
  129  8:25  Hellion x2  
  129  8:26  Infernal Pre-Igniter  
  133  8:28  Factory  
  133  8:29  Factory  
  133  8:38  Cyclone, Hellion x2  
  140  8:41  Cyclone  
  140  8:45  Cyclone  
  140  8:46  Hellion x2  
  150  8:51  Factory  
  150  8:57  Supply Depot  
  150  9:00  Widow Mine x2  
  154  9:07  Drilling Claws  
  154  9:08  Widow Mine x2  
  158  9:10  Cyclone  
  158  9:14  Hellbat  
  162  9:17  Cyclone  
  162  9:23  Widow Mine x2, Factory Tech Lab x2  
  162  9:29  Widow Mine x2  
  166  9:35  Siege Tank  
  169  9:39  Factory Reactor  
  169  9:43  Siege Tank  
  169  9:44  Hellion x2  
  176  9:50  Hellion  
  176  9:51  Hellion  
  176  9:52  Missile Turret  
  180  9:56  Hellion  
  180  9:57  Cyclone x2  
  180  9:59  Command Center  
  188  10:05  Hellion x2  
  192  10:07  Cyclone  
  192  10:12  Hellion  
  192  10:19  Hellion, Siege Tank  
  192  10:20  Hellion  
  180  10:22  Hellion  
  180  10:27  Cyclone, Hellion x2  
  169  10:29  Cyclone x2  
  173  10:36  Terran Vehicle And Ship Armor Level 2  
  173  10:40  Hellion x2  
  161  10:44  Widow Mine x2  
  161  10:47  Widow Mine  
  165  10:51  Cyclone  
  165  10:54  Hellion x2  
  172  10:59  Cyclone  
  172  11:01  Cyclone  
  172  11:02  Command Center  
  178  11:11  Hellion x2  
  178  11:13  Cyclone  
  178  11:14  Widow Mine  
  185  11:22  Widow Mine x2  
  187  11:27  Hellion  
  189  11:35  Supply Depot  
  189  11:39  Hellion  
  189  11:41  Cyclone  
  189  11:43  Cyclone  
  189  11:45  Widow Mine x2, Cyclone  
  189  11:46  Cyclone  
  175  11:48  Hellion  
  175  11:52  Widow Mine  
  179  12:00  Cyclone  
  155  12:09  Hellion  
  155  12:13  Widow Mine x2, Cyclone  
  155  12:15  Cyclone  
  153  12:17  Cyclone  
  153  12:18  Hellion  
  153  12:19  Cyclone  
  155  12:26  Hellion  
  155  12:29  Hellion  
  154  12:32  Cyclone  
  149  12:41  Hellion  
  141  12:45  Cyclone  
  141  12:47  Cyclone  
  141  12:49  Cyclone  
  146  12:59  Cyclone, Hellion x2  
  146  13:04  Cyclone  
  150  13:09  Hellion  
  150  13:12  Hellion  
  144  13:13  Hellion  
  144  13:16  Hellion  
  144  13:17  Cyclone  
  151  13:26  Cyclone, Hellion  
  151  13:27  Cyclone  
  157  13:31  Widow Mine  
  158  13:50  Command Center  

Tags
 
Add a new tag
Caveats
  • Supply blocks, unpowered buildings, or Contaminate may cause inaccurate times.
  • Supply counts are checked every 10 seconds.